 Dungeon Crawl Stone Soup version 0.30.0-29-ga12c61a403 (webtiles) character file.

Game seed: 6913483432145587536

188 Peloso the Trooper (level 5, 0/44 (47) HPs)
             Began as a Minotaur Fighter on June 10, 2023.
             Slain by a wight
             ... wielding a +6 long sword of freezing
              (2 damage)
             ... on level 2 of the Dungeon.
             The game lasted 00:04:10 (1991 turns).

Peloso the Trooper (Minotaur Fighter)               Turns: 1991, Time: 00:04:14

HP:   0/44 (47)     AC: 12    Str: 20    XL:     5   Next: 39%
MP:   4/4           EV:  6    Int:  5    God:
Gold: 134           SH:  5    Dex: 12    Spells: 4/4 levels left

rFire   . . .        a - +2 scimitar
rCold   . . .        c - +0 buckler
rNeg    . . .        m - +0 plate armour
rPois   .            (helmet restricted)
rElec   .            (no cloak)
rCorr   .            (no gloves)
SInv    .            (no boots)
Will    .....        (no amulet) Stlth
                     (no ring)
HPRegen 0.27/turn    (no ring)
MPRegen 0.09/turn

%: no passive effects
@: drained
A: horns 2, retaliatory headbutt
a: no special abilities


You were on level 2 of the Dungeon.
You visited 1 branch of the dungeon, and saw 3 of its levels.

You collected 134 gold pieces.

Inventory:

Hand Weapons
 a - a +2 scimitar (weapon)
Armour
 b - a +0 scale mail
 c - a +0 buckler (worn)
 m - a +0 plate armour (worn)
Wands
 k - a wand of polymorph (12)
Scrolls
 e - a scroll of fear {unknown}
 f - a scroll of torment {unknown}
 g - a scroll of blinking {unknown}
 h - 4 scrolls of identify {unknown}
 i - 2 scrolls of enchant armour {unknown}
 j - a scroll of poison {unknown}
Potions
 d - a potion of might
 l - a potion of haste {unknown}
 n - 2 potions of invisibility {unknown}
 o - a potion of heal wounds {unknown}
 p - a potion of experience {unknown}


   Skills:
 + Level 4.7 Fighting
 + Level 4.2 Long Blades
 + Level 4.6 Armour
 + Level 1.2 Dodging
 + Level 0.1 Stealth
 + Level 4.5 Shields


You had 4 spell levels left.
You didn't know any spells.
Your spell library contained the following spells:

 Spells                   Type           Power      Damage    Failure   Level
 Sting                    Tmut/Pois      0%         1d3       100%        1
 Poisonous Vapours        Pois/Air       0%         N/A       100%        2
 Inner Flame              Hex/Fire       0%         N/A       100%        3
 Olgreb's Toxic Radiance  Pois           0%         N/A       100%        4
 Yara's Violent Unravell  Hex/Tmut       0%         3d3       100%        5
 Enfeeble                 Hex            0%         N/A       100%        7


Dungeon Overview and Level Annotations

Branches:
Dungeon (3/15)

Altars:


Innate Abilities, Weirdness & Mutations

You have a pair of horns on your head.
You reflexively headbutt those who attack you in melee.


Message History

You block the wight's attack.
You slash the wight! Your headbutt misses the wight.
The wight is almost destroyed.
The wight barely misses you. You furiously retaliate!
You headbutt the wight!
You destroy the wight!
Your Long Blades skill increases to level 4!
You have reached level 5!
The wight attacks as you move away!
The wight hits you with a +1 heavy scimitar!
You see here a +0 robe.
You see here a bat corpse.
There is a stone staircase leading up here.
You climb upwards.
There is a stone staircase leading down here.
You start resting.
HP restored.
You climb downwards.
The wight hits you with a +1 heavy scimitar!
The wight closely misses you. You furiously retaliate!
You headbutt the wight.
There is a stone staircase leading up, spattered with blood here.
The wight barely misses you.
The wight hits you with a +6 long sword of freezing!
The wight freezes you.
You climb upwards.
There is a stone staircase leading down here.
The wight hits you with a +6 long sword of freezing!
* * * LOW HITPOINT WARNING * * *
You feel drained.
* * * LOW HITPOINT WARNING * * *
The wight freezes you.
* * * LOW HITPOINT WARNING * * *
The wight attacks as you move away! The wight barely misses you.
You furiously retaliate!
You headbutt the wight! The wight attacks as you move away!
The wight hits you with a +6 long sword of freezing.
* * * LOW HITPOINT WARNING * * *
You feel drained.
* * * LOW HITPOINT WARNING * * *
The wight freezes you.
You die...

............# #............#
............#
#......รท.....####
............# #####+##).......#
............# #####.##........#
............###.PPP.##........#
...............P..............#
.....####.#####P....##.#......#
......##...####P...P##.#......#
.......##.##.#.P@.PP##.#......#
###.....###....z....##.#......#
...#...#######z####'##.#......#
...~.....####..# #.....########
..~.~#...>....## #...........#
.~.~..#...##### #....######.#
## โ‰ˆ.~...#...# #....# #.# #.
.โ‰ˆ~...#...# #....#### #.# #.
_โ‰ˆ~...#...# #....'..# #.# #.


You could see 2 wights.

Vanquished Creatures
  2 wights (D:3)
  An adder (D:2)
  A dart slug (D:2)
  9 bats
  3 endoplasms
  2 giant cockroaches (D:1)
  2 goblins (D:1)
  11 hobgoblins
  11 jackals (D:1)
  7 kobolds
  3 quokkas
  6 ball pythons
  2 frilled lizards (D:1)
  5 rats
65 creatures vanquished.

Notes
Turn   | Place    | Note
-------+----------+-------------------------------------------
     0 | D:1      | Peloso the Minotaur Fighter began the quest for the Orb.
     0 | D:1      | Reached XP level 1. HP: 19/19 MP: 0/0
    42 | D:1      | Reached XP level 2. HP: 27/27 MP: 1/1
   253 | D:1      | Reached XP level 3. HP: 32/33 MP: 2/2
   956 | D:2      | Found a faded altar of an unknown god.
  1149 | D:2      | Reached XP level 4. HP: 29/41 MP: 3/3
  1780 | D:3      | Reached skill level 1 in Dodging
  1900 | D:3      | Reached XP level 5. HP: 36/47 MP: 4/4
  1991 | D:2      | HP: 2/44 [wight/+6 long sword of freezing (2)]
  1991 | D:2      | Slain by a wight

Illustrated notes

Levels and vault maps discovered:
D:1:      spicycebolla_arrival_risky_transporter, layout_loops_ring,
          minmay_misc_feat_room
D:2:      layout_basic, shapermc_ecumenical_altar_starsandcircs,
          minmay_gold_behind_fungi, nrook_loot_triangle,
          kennysheep_generic_room_16
D:3:      layout_rooms, kennysheep_nub, uniq_crazy_yiuf_cottage

Skill      XL: |  1  2  3  4 |
---------------+-------------+-----
Shields        | 4 |  4.5
Fighting       | 4 |  4.7
Armour         | 4 |  4.6
Long Blades    | 3 4 |  4.2
Dodging        | 1 |  1.2
Stealth        | |  0.1

Action                     |  1- 3 |  4- 6 || total
---------------------------+-------+-------++-------
  Melee: Long sword        |   112 |    32 ||   144
         Headbutt          |    15 |     6 ||    21
         Scimitar          |       |    11 ||    11
 Armour: Scale mail        |    60 |     2 ||    62
         Plate armour      |       |    15 ||    15
  Dodge: Dodged            |    48 |    25 ||    73
  Block: Buckler           |    37 |    13 ||    50
